 Dungeon Crawl Stone Soup version 0.20-a0-854-g0cc194a (webtiles) character file.

218 Foodle the Magician (level 5, -10/28 HPs)
             Began as an Octopode Wizard on Mar 11, 2017.
             Mangled by an orc warrior
             ... wielding a +0 hand axe
              (11 damage)
             ... on level 3 of the Dungeon.
             The game lasted 00:52:19 (3165 turns).

Foodle the Magician (Octopode Wizard)               Turns: 3165, Time: 00:52:20

Health: -10/28     AC:  4    Str:  4 (6)  XL:     5   Next: 95%
Magic:  4/11       EV: 17    Int: 22      God:    Xom [...*..]
Gold:   146        SH:  5    Dex:  8      Spells: 1/12 levels left

rFire    . . .     SeeInvis .     - Unarmed
rCold    . . .     Gourm    .   (no shield)
rNeg     . . .     Faith    .   a - +2 hat
rPois    .         Spirit   .   m - +5 amulet of reflection {RGB}
rElec    .         Reflect  +   h - +4 ring of evasion
rCorr    .         Harm     .   k - ring of flight
MR       .....                  o - ring of wizardry
Stlth    ++++......             q - ring of stealth
Regen    0.1/turn               w - ring of wizardry
MPRegen  0.2/turn               (no ring)
                                (no ring)
                                (no ring)

@: no status effects
A: almost no armour, stealthy swim, amphibious, 8 rings, constrict 8, rugged
brown scales 1, camouflage 1, clumsy 1, deterioration 1, frail 1, gelatinous
body 1
a: Renounce Religion, Evoke Flight


You were on level 3 of the Dungeon.
You worshipped Xom.
You were a favourite toy of Xom.
You were not hungry.

You visited 1 branch of the dungeon, and saw 3 of its levels.

You collected 146 gold pieces.

Inventory:

Missiles
 i - 145 stones (quivered)
Armour
 a - a +2 hat (worn)
Jewellery
 h - a +4 ring of evasion (left tentacle)
 k - a ring of flight (right tentacle)
 m - a +5 amulet of reflection (around mantle) {RGB}
 o - a ring of wizardry (on tentacle)
 q - a ring of stealth (on tentacle)
 w - a ring of wizardry (on tentacle)
Wands
 f - a wand of random effects (26/48)
 s - a wand of polymorph (0/24)
Scrolls
 j - a scroll of teleportation
 r - a scroll of remove curse
 v - a scroll of amnesia {unknown}
 x - a scroll of recharging {unknown}
Potions
 d - a potion of magic {unknown}
 e - a potion of haste
 n - 2 potions of agility {unknown}
 p - a potion of curing {unknown}
 t - a potion of brilliance {unknown}
Books
 b - a book of Minor Magic

   Spells                             Type                      Level
   a - Magic Dart                     Conjuration                  1
   b - Blink                          Translocation                2
   c - Call Imp                       Summoning                    2
   d - Slow                           Hexes                        2
   e - Conjure Flame                  Conjuration/Fire             3
   f - Mephitic Cloud                 Conjuration/Poison/Air       3
Comestibles
 c - a bread ration
 g - 4 royal jellies
 l - a meat ration
 u - 4 fruits


   Skills:
 + Level 0.2 Fighting
 + Level 3.3 Dodging
 * Level 3.5 Stealth
 + Level 2.0 Unarmed Combat
 + Level 4.4 Spellcasting
 + Level 1.1 Conjurations
 + Level 1.3 Summonings
 + Level 1.1 Translocations
 + Level 0.4 Fire Magic


You had one spell level left.
You knew the following spells:

 Your Spells              Type           Power        Failure   Level  Hunger
a - Magic Dart            Conj           #...         2%          1    None
b - Call Imp              Summ           ##......     3%          2    #......
c - Blink                 Tloc           N/A          3%          2    #......
d - Conjure Flame         Conj/Fire      #.......     8%          3    ##.....
e - Mephitic Cloud        Conj/Pois/Air  #.......     10%         3    ##.....


Dungeon Overview and Level Annotations

Branches:
Dungeon (3/15)

Altars:
Gozag
Hepliaklqana
Trog
Wu Jian
Xom


Innate Abilities, Weirdness & Mutations

You cannot wear most types of armour.
You are very stealthy in the water. (Stealth+)
You are amphibious.
You can wear up to eight rings at the same time.
You can use your tentacles to constrict eight enemies at once.
Your skin changes colour to match your surroundings (Stealth+).
Your rubbery body absorbs attacks. (AC +1, EV +1)
You are partially covered in rugged brown scales. (AC +1, +3% HP)
You are clumsy. (Dex -2)
Your body sometimes deteriorates upon taking damage.
You are frail. (-10% HP)


Message History

The orc warrior hits you with a hand axe.
You tentacle-slap the orc warrior but do no damage.
The orc warrior is moderately wounded.
You constrict the orc warrior, but do no damage.
You block the orc warrior's attack.
You tentacle-slap the orc warrior but do no damage.
The orc warrior is moderately wounded.
You constrict the orc warrior, but do no damage.
The orc warrior completely misses you.
You tentacle-slap the orc warrior but do no damage.
The orc warrior is moderately wounded.
You constrict the orc warrior, but do no damage.
The orc warrior hits you with a hand axe!
* * * LOW HITPOINT WARNING * * *
Your body deteriorates!
You feel weakened.
You tentacle-slap the orc warrior but do no damage.
The orc warrior is moderately wounded.
The orc warrior hits you with a hand axe!
You die...
Xom guffaws!

#.######.......#.# #.# #.# ##<
#.##.....#...###.###.# #.###..
##....####.....##.....# #.##..#
#..####.....##.##..#### #.##.##
...#.)..##..##.##..# #.#..#
##...####..###.....########.#.##
#...#####.## ####.....##......#
#..## #...# ###.........#.####
..## #.######.o@..........####
.## ##.###....#.####....#....###
.# #..P...####.###........>....
## #....♣.###..##.......##.....
# #..........###...>...##..... #
##P.P≈≈P.#### #.......###.... #
#P..≈♣≈..#######.....## #....
#####...♣≈≈.P............##
#....
.......≈≈≈♣≈♣.#####.......#
#....


You could see an orc warrior.

Vanquished Creatures
  A scorpion (D:3)
  An orc priest (D:3)
  Natasha (twice) (D:2)
  3 adders
  2 oozes (D:1)
  A worm (D:3)
  2 dart slugs (D:1)
  4 leopard geckos
  7 orcs (D:3)
  9 bats
  3 giant cockroaches
  6 goblins
  9 hobgoblins
  2 jackals (D:3)
  A ball python (D:2)
  3 frilled lizards
  9 kobolds
  5 rats
70 creatures vanquished.

Vanquished Creatures (collateral kills)
  Natasha (D:2)
  A worm (D:2)
  3 orcs (D:3)
  A bat (D:3)
  A jackal (D:3)
7 creatures vanquished.

Grand Total: 77 creatures vanquished

Notes
Turn   | Place    | Note
-------+----------+-------------------------------------------
     0 | D:1      | Foodle the Octopode Wizard began the quest for the Orb.
     0 | D:1      | Reached XP level 1. HP: 11/11 MP: 4/4
   166 | D:1      | Reached XP level 2. HP: 4/17 MP: 4/6
   700 | D:1      | Reached XP level 3. HP: 16/21 MP: 4/8
   758 | D:1      | Reached skill level 1 in Unarmed Combat
  1230 | D:1      | Learned a level 2 spell: Call Imp
  1233 | D:1      | Learned a level 2 spell: Blink
  1237 | D:1      | Learned a level 3 spell: Conjure Flame
  1455 | D:2      | Noticed Natasha
  1465 | D:2      | Killed Natasha
  1465 | D:2      | Reached XP level 4. HP: 27/27 MP: 2/9
  1525 | D:2      | Found a shimmering altar of Xom.
  1550 | D:2      | Became a worshipper of Xom of Chaos
  1657 | D:2      | Reached skill level 4 in Spellcasting
  1708 | D:2      | Found a bloodstained altar of Trog.
  1708 | D:2      | Found an ornate altar of the Wu Jian Council.
  1708 | D:2      | Found a hazy altar of Hepliaklqana.
  1711 | D:2      | Found an opulent altar of Gozag.
  1870 | D:2      | Noticed Natasha
  1887 | D:2      | Killed Natasha
  1950 | D:2      | Noticed Natasha
  1986 | D:2      | XOM: divination: detect items
  1990 | D:2      | Killed Natasha
  1990 | D:2      | Reached XP level 5. HP: 9/31 MP: 4/11
  2311 | D:3      | XOM is BORED!
  2311 | D:3      | XOM: noise
  2405 | D:3      | XOM is BORED!
  2405 | D:3      | XOM: 1-stop teleportation journey
  2478 | D:3      | XOM is BORED!
  2482 | D:3      | Learned a level 3 spell: Mephitic Cloud
  2661 | D:3      | XOM: give mutations
  2661 | D:3      | Gained mutation: You are frail. (-10% HP) [Xom's mischief]
  2661 | D:3      | Gained mutation: Your body sometimes deteriorates upon taking damage. [Xom's mischief]
  2661 | D:3      | Gained mutation: You are partially covered in rugged brown scales. (AC +1, +3% HP) [Xom's mischief]
  2661 | D:3      | Gained mutation: You are clumsy. (Dex -2) [Xom's mischief]
  2696 | D:3      | XOM: mild Air miscast
  2765 | D:3      | Noticed an orc warrior
  2771 | D:3      | XOM: confusion (+ monsters)
  2788 | D:3      | XOM: scenery: create altars
  2792 | D:3      | XOM: confuse monster(s)
  2996 | D:3      | XOM: medium Tmut miscast
  3147 | D:3      | XOM: divination: magic mapping
  3157 | D:3      | XOM: polymorph crimson imp -> ufetubus
  3164 | D:3      | HP: 1/28 [orc warrior/hand axe (9)]
  3165 | D:3      | Mangled by an orc warrior

Vault maps used:
D:1:      dpeg_arrival_tiny_e, serial_forest, infiniplex_forest_lined_3_way,
          infiniplex_forest_lined_1, infiniplex_forest_lined_3_way,
          infiniplex_forest_straight_4, infiniplex_forest_lined_2,
          infiniplex_forest_clump_diagonal, infiniplex_forest_end_double,
          hangedman_decor_slide_cut, minmay_pentomino_q4
D:2:      minitemple, xom_butterflies, uniq_natasha
D:3:      gup_sewer_entry_bowl, serial_bayou, serial_bayou_pond_e,
          serial_bayou_pond_a, serial_bayou_pond_c, serial_bayou_pond_c

Skill      XL: |  1  2  3  4  5 |
---------------+----------------+-----
Unarmed Combat | 1 2 |  2.0
Stealth        | 3 |  3.5
Spellcasting   | 4 |  4.4
Dodging        | 3 |  3.3
Fighting       | |  0.2
Conjurations   | |  1.1
Summonings     | |  1.3
Translocations | |  1.1
Fire Magic     | |  0.4

Action                   |  1- 3 |  4- 6 || total
-------------------------+-------+-------++-------
Melee: Unarmed           |    41 |   166 ||   207
       Constrict         |    13 |    28 ||    41
       Tentacles         |     8 |    15 ||    23
       Mace              |    36 |       ||    36
       Punch             |     1 |     1 ||     2
 Cast: Magic Dart        |    43 |    62 ||   105
       Call Imp          |     3 |    10 ||    13
       Conjure Flame     |     1 |     2 ||     3
       Blink             |       |     1 ||     1
       Mephitic Cloud    |       |     2 ||     2
Evoke: Wand              |       |     2 ||     2
  Use: Scroll            |     8 |     2 ||    10
 Stab: Distracted        |       |     1 ||     1
  Eat: Bread ration      |     1 |     1 ||     2
Armor: Skin              |     4 |    11 ||    15
Dodge: Dodged            |    48 |   118 ||   166
Block: Other             |     2 |    36 ||    38
       Reflection        |       |     2 ||     2
